 Dungeon Crawl Stone Soup version 0.18.1-48-g4cf74bf (webtiles) character file.

182958 BabyRage the Severer (level 18, -36/178 HPs)
             Began as a Naga Hunter on July 23, 2016.
             Was a High Priest of Trog.
             Annihilated by a titanic slime creature (86 damage)
             ... on level 4 of the Swamp on July 24, 2016.
             The game lasted 01:49:51 (38269 turns).

BabyRage the Severer (Naga Hunter)                 Turns: 38269, Time: 01:49:51

Health: -36/178    AC: 40    Str: 21    XL:     18   Next: 35%
Magic:  22/22      EV:  7    Int: 13    God:    Trog [*****.]
Gold:   919        SH:  0    Dex: 15    Spells: 0 memorised, 17 levels left

rFire  . . .     SeeInvis +     d - +6 battleaxe (elec)
rCold  + + .     Gourm    .     D - +5 plate armour {rC+}
rNeg   + + +     Faith    .     (shield currently unavailable)
rPois  +         Spirit   .     P - +1 helmet {SInv}
rElec  .         Dismiss  .     g - +4 cloak of Suriqatis {-Cast rN+++ MR+}
rCorr  .         Reflect  .     O - +1 pair of gloves {Str+3}
SustAt .         Harm     .     J - +0 naga barding {rC+}
MR     +++..     NoCast   +     y - amulet of regeneration
Stlth  ..........               C - +4 ring of protection
                                r - +5 ring of slaying

@: about to teleport, very slow, extremely resistant to hostile enchantments,
extremely unstealthy
A: see invisible, deformed body, poison resistance, slowness 2, slow metabolism
1, spit poison 2, constrict 1, AC +6
a: Spit Poison, Berserk, Trog's Hand, Brothers in Arms, Burn Spellbooks,
Renounce Religion


You were on level 4 of the Swamp.
You worshipped Trog.
Trog was extremely pleased with you.
You were not hungry.

You visited 6 branches of the dungeon, and saw 33 of its levels.
You also visited: Ice Cave.

You collected 3116 gold pieces.
You spent 2197 gold pieces at shops.

Inventory:

Hand Weapons
 d - a +6 battleaxe of electrocution (weapon)
Missiles
 c - 18 javelins (quivered)
 j - 11 javelins of penetration
 E - 2 throwing nets
Armour
 g - the +4 cloak of Suriqatis (worn) {-Cast rN+++ MR+}
   (You bought it in a shop on level 2 of the Orcish Mines)

   It renders you almost immune to negative energy.
   It affects your resistance to hostile enchantments.
   It prevents spellcasting.
 D - a +5 plate armour of cold resistance (worn)
 J - a +0 naga barding of cold resistance (worn)
 O - a +1 pair of gloves of strength (worn)
 P - a +1 helmet of see invisible (worn)
Jewellery
 r - a +5 ring of slaying (left hand)
 y - an amulet of regeneration (around neck)
 C - a +4 ring of protection (right hand)
 F - an uncursed ring of protection from fire
Wands
 H - a wand of teleportation (4/9)
 K - a wand of hasting (4/9)
 N - a wand of disintegration (10/24)
 S - a wand of acid (7/15)
 T - a wand of digging (11/24)
Scrolls
 b - 19 scrolls of remove curse
 e - 11 scrolls of teleportation
 i - 3 scrolls of recharging
 n - 5 scrolls of magic mapping
 t - 6 scrolls of blinking
 I - 6 scrolls of identify
 M - 3 scrolls of fog
 R - a scroll of holy word
 V - a scroll of acquirement
Potions
 a - 3 potions of agility
 h - a potion of ambrosia
 k - 4 potions of berserk rage
 l - 3 potions of cure mutation
 m - a potion of beneficial mutation
 p - 11 potions of flight
 s - 7 potions of heal wounds
 v - 13 potions of curing
 w - 4 potions of might
 x - 2 potions of brilliance
 z - a potion of cancellation
 A - 2 potions of haste
 B - 4 potions of invisibility
Miscellaneous
 G - a phial of floods
Comestibles
 f - 8 bread rations
 o - 13 meat rations
 q - 19 fruits
 u - 2 beef jerkies
 L - 7 slices of pizza
 Q - 5 royal jellies


   Skills:
 - Level 15.3 Fighting
 - Level 20.0(20.1) Axes
   Level 4.2(14.1) Maces & Flails
 - Level 4.0 Throwing
 - Level 9.6 Armour
 + Level 11.4 Dodging
 - Level 1.7 Stealth
 + Level 6.3 Evocations


You had 17 spell levels left.
You didn't know any spells.

Dungeon Overview and Level Annotations

Branches:
Dungeon (15/15)            Temple (1/1) D:5            Lair (8/8) D:10
  Swamp (4/4) Lair:4        Snake (3/4) Lair:6        Slime (0/6) Lair:6
    Orc (2/2) D:12            Elf (0/3) Orc:2        Vaults (0/5) D:13
 Depths (0/5) D:15

Altars:
Ashenzari
Cheibriados
Dithmenos
Elyvilon
Fedhas
Gozag
Kikubaaqudgha
Makhleb
Nemelex Xobeh
Okawaru
Pakellas
Qazlal
Ru
Sif Muna
Trog
Vehumet
Xom
Yredelemnul
Zin
The Shining One
Beogh
Jiyva

Shops:
D:5 =   D:12 [   Orc:2 ([*!

Portals:
Trove: D:14 (give +6 demon blade)

Annotations:
D:5 exclusion: door
Lair:7 exclusion: 2 oklob plants


Innate Abilities, Weirdness & Mutations

You cannot wear boots.
Your serpentine skin is tough (AC +6).
You have supernaturally acute eyesight.
Armour fits poorly on your strangely shaped body.
Your system is resistant to poisons.
You cover ground very slowly.
You have a slow metabolism.
You can spit poison.
You can use your snake-like lower body to constrict enemies.


Message History

The blast of poison engulfs you! You resist.
You slash the titanic slime creature!
The titanic slime creature is heavily wounded.
The titanic slime creature hits you!
You slash the titanic slime creature!
The titanic slime creature is heavily wounded.
You slice the titanic slime creature!!
There is a sudden explosion of sparks!
The titanic slime creature is severely wounded.
The titanic slime creature barely misses you.
You slice the titanic slime creature!!
There is a sudden explosion of sparks!
The titanic slime creature is severely wounded.
The titanic slime creature hits you!!!
You slice the titanic slime creature!!
The titanic slime creature is almost dead.
The titanic slime creature hits you!!!
* * * LOW HITPOINT WARNING * * *
Read which item? (? for menu, Esc to quit)
As you read the scroll of teleportation, it crumbles to dust.
You feel strangely unstable. The titanic slime creature hits you!!!!
You die...

*≈≈≈##≈≈.#≈≈≈.#.≈≈##≈≈
*.≈≈≈≈≈.≈#≈≈≈≈≈≈≈≈##.≈
*≈≈♣≈≈#.♣≈..#.#≈#..≈#≈
♣.#≈##≈≈≈.≈..#§#≈.≈.##
♣≈.≈≈≈≈≈≈..≈§≈.≈≈≈.,≈≈
*≈.≈###≈≈#≈≈.#≈#≈≈≈#≈#
*,≈≈#.#.≈≈#≈#..)#≈#≈≈*
*≈,≈#..#≈#≈.≈...≈.≈*≈*
*,≈≈#@#§≈.≈≈#...#≈*,≈,
*≈,≈##J§≈#≈≈≈#≈#.≈≈*≈*
#≈.≈≈§§§≈≈..≈≈.≈≈≈,≈≈≈
#§.♣≈≈≈≈≈.≈..#≈*≈,≈*≈*
♣,♣≈#≈♣≈♣..≈#≈#,*≈*≈**
*.≈≈.≈≈.##≈≈≈≈≈≈≈≈≈**
♣≈..##≈≈.*≈≈###≈≈≈**
#.≈#*,#§≈,#≈#,,*≈**
#≈≈*,,,#≈♣≈≈#,,,**


You could see a titanic slime creature.

Vanquished Creatures
  A thorn hunter (Swamp:4)
  Louise (D:15)
  Aizul (Snake:1)
  2 very ugly things (Swamp:4)
  The ghost of oldnick the Grappler, a journeyman TrMo (Lair:6)
  Nessos (Orc:2)
  2 green deaths (Swamp:4)
  An ettin (Orc:1)
  5 vault guards
  A fire dragon (Lair:8)
  8 hydras
  A rakshasa (D:13)
  3 naga warriors
  A ghost crab (Swamp:1)
  An ogre mage (D:15)
  9 anacondas
  A dancing weapon (Orc:2)
  3 centaur warriors
  6 alligators
  An orc high priest (Orc:2)
  A death yak (Lair:5)
  5 shock serpents
  7 spriggans
  4 naga sharpshooters
  12 slime creatures
  2 spriggan druids (Swamp:4)
  A wizard (D:15)
  Pikel (D:5)
  6 swamp dragons
  A shambling mangrove (Swamp:1)
  3 unseen horrors (D:11)
  A necromancer (D:15)
  3 naga ritualists (Snake:1)
  6 hill giants
  4 orc knights
  2 wolf spider zombies
  7 mana vipers
  5 hornets
  16 ugly things
  4 orc sorcerers
  2 deep elf magi (D:15)
  2 griffons
  5 salamanders
  3 cyclopes
  3 manticores
  Maurice (Orc:1)
  17 elephants
  A torpor snail (Lair:5)
  19 black mambas
  Joseph (D:8)
  2 naga magi
  A guardian serpent (Snake:3)
  18 spiny frogs
  5 centaur skeletons
  A gargoyle (D:10)
  3 orange demons (Swamp:4)
  An efreet (D:12)
  2 kobold demonologists
  7 rime drakes
  16 komodo dragons
  A troll (shapeshifter) (D:13)
  2 tengu conjurers (D:15)
  6 trolls
  7 wind drakes (D:12)
  5 giant leeches
  Prince Ribbit (D:5)
  5 two-headed ogres
  27 blink frogs
  6 bog bodies (Swamp:4)
  6 air elementals (D:12)
  5 shadows
  A centaur simulacrum (D:15)
  4 wraiths
  2 wyverns
  47 yaks
  2 large abominations (Swamp:4)
  2 hungry ghosts
  5 basilisks
  2 water elementals (D:15)
  A steam dragon (D:11)
  11 hippogriffs
  15 vampire mosquitoes
  A warg (Orc:1)
  Menkaure (D:6)
  29 insubstantial wisps
  2 mottled dragons (Lair:8)
  Edmund (D:5)
  16 nagas
  14 swamp worms
  A small abomination (Swamp:4)
  11 swamp drakes
  10 water moccasins
  13 porcupines
  37 orc warriors
  2 slaves (D:5)
  6 ice beasts
  4 black bears
  2 phantoms (D:9)
  12 sky beasts
  4 necrophages
  11 ogres
  18 wolves
  11 wasps
  23 crocodiles
  10 centaurs
  An elf zombie (D:9)
  6 big kobolds
  23 giant frogs
  A wyvern zombie (D:10)
  2 wyvern skeletons
  5 scorpions
  18 killer bees
  21 wights
  2 electric eels
  7 howler monkeys
  7 jellies
  8 crimson imps
  2 wasp zombies
  4 centaur zombies
  A giant frog zombie (D:9)
  2 quasits
  11 hounds
  2 human zombies (D:9)
  35 orc wizards
  5 giant frog skeletons
  27 orc priests
  A gnoll shaman (D:8)
  A human skeleton (D:9)
  10 iguanas
  An iron imp (D:8)
  18 hell rats
  12 worker ants
  A sheep (Lair:7)
  3 hound zombies
  2 mummies (D:9)
  A worker ant zombie (D:8)
  8 gnolls
  94 river rats
  11 adders
  5 shadow imps
  12 white imps (Lair:2)
  An ooze (D:6)
  2 adder zombies
  An adder skeleton (D:6)
  9 worms
  3 ball lightnings (D:12)
  5 giant geckos
  118 orcs
  2 ball pythons
  3 giant cockroaches
  4 goblins
  14 hobgoblins
  12 jackals
  54 kobolds
  6 quokkas
  11 bats
  A giant gecko skeleton (D:6)
  7 giant newts
  A jackal zombie (D:4)
  A quokka skeleton (D:8)
  30 rats
  7 briar patches (Swamp:4)
  13 fungi
  10 plants
1338 creatures vanquished.

Vanquished Creatures (collateral kills)
  Saint Roka (Orc:2)
  A tentacled monstrosity (Swamp:4)
  Rupert (Lair:5)
  The ghost of SaintRoka the Warrior, an adept GrMo of Lugonu (Swamp:4)
  5 hydras
  A naga sharpshooter (Snake:1)
  A shambling mangrove (Swamp:4)
  2 elephants (Lair:8)
  A spiny frog (Lair:8)
  2 yaks (Lair:8)
  A hippogriff (Lair:8)
  2 insubstantial wisps (Swamp:4)
  2 water moccasins (Lair:6)
  An orc warrior (Orc:2)
  An orc (Orc:2)
23 creatures vanquished.

Vanquished Creatures (others)
  An alligator (Swamp:2)
  A gnoll (D:5)
  An adder (D:5)
  10 ball lightnings (D:12)
  An orc (D:5)
  33 fungi
  31 plants
78 creatures vanquished.

Grand Total: 1439 creatures vanquished

Notes
Turn   | Place    | Note
--------------------------------------------------------------
     0 | D:1      | BabyRage the Naga Hunter began the quest for the Orb.
     0 | D:1      | Reached XP level 1. HP: 19/19 MP: 1/1
   221 | D:1      | Found a shattered altar of Ashenzari.
   226 | D:1      | Reached XP level 2. HP: 26/26 MP: 2/2
   793 | D:2      | Reached XP level 3. HP: 24/33 MP: 3/3
  1915 | D:2      | Reached XP level 4. HP: 42/42 MP: 4/4
  2702 | D:3      | Reached skill level 1 in Maces & Flails
  2832 | D:3      | Reached XP level 5. HP: 24/50 MP: 5/5
  3784 | D:4      | Reached XP level 6. HP: 25/58 MP: 6/6
  4635 | D:4      | Reached skill level 5 in Fighting
  4766 | D:4      | Reached skill level 1 in Axes
  4766 | D:4      | Reached XP level 7. HP: 59/67 MP: 7/7
  5521 | D:4      | Reached skill level 2 in Axes
  5686 | D:5      | Entered Level 5 of the Dungeon
  5762 | D:5      | Noticed Prince Ribbit
  5772 | D:5      | Killed Prince Ribbit
  5772 | D:5      | Reached skill level 3 in Axes
  5785 | D:5      | Reached skill level 4 in Axes
  6049 | D:5      | Found a staircase to the Ecumenical Temple.
  6058 | Temple   | Entered the Ecumenical Temple
  6169 | Temple   | Became a worshipper of Trog the Wrathful
  6231 | D:5      | Reached XP level 8. HP: 75/76 MP: 8/8
  6473 | D:5      | Found a blossoming altar of Fedhas.
  6497 | D:5      | Reached skill level 5 in Axes
  6532 | D:5      | Noticed Edmund
  6543 | D:5      | Killed Edmund
  6647 | D:5      | Found Wuiten's Jewellery Emporium.
  6656 | D:5      | Found a deep blue altar of Sif Muna.
  6792 | D:5      | Noticed Pikel
  6818 | D:5      | Reached * piety under Trog
  6836 | D:5      | Killed Pikel
  6836 | D:5      | Reached skill level 7 in Axes
  6836 | D:5      | Reached XP level 9. HP: 23/86 MP: 9/9
  7605 | D:6      | Reached skill level 8 in Axes
  7827 | D:6      | Noticed Menkaure
  7838 | D:6      | Killed Menkaure
  8711 | D:7      | Reached skill level 9 in Axes
  9211 | D:7      | Reached ** piety under Trog
  9575 | D:7      | Reached XP level 10. HP: 25/98 MP: 10/10
  9911 | D:7      | Reached skill level 1 in Armour
  9929 | D:7      | Reached skill level 10 in Axes
 10769 | D:8      | Found a shimmering altar of Xom.
 10769 | D:8      | Found a basalt altar of Yredelemnul.
 10832 | D:8      | Noticed Joseph
 10850 | D:8      | Killed Joseph
 11046 | D:8      | Found a sacrificial altar of Ru.
 11177 | D:8      | Reached *** piety under Trog
 11535 | D:8      | Found a snail-covered altar of Cheibriados.
 11724 | D:8      | Found a blossoming altar of Fedhas.
 11731 | D:8      | Reached skill level 11 in Axes
 12360 | D:8      | Found a burning altar of Makhleb.
 12687 | D:9      | Found an opulent altar of Gozag.
 12866 | D:9      | Found a flagged portal.
 13187 | D:9      | Reached XP level 11. HP: 79/106 MP: 11/11
 13586 | D:9      | Found an ancient bone altar of Kikubaaqudgha.
 13950 | D:9      | Reached **** piety under Trog
 14162 | D:9      | Reached skill level 12 in Axes
 14732 | D:10     | Entered Level 10 of the Dungeon
 14758 | D:10     | Reached skill level 10 in Fighting
 15704 | D:10     | Noticed a hill giant
 15714 | D:10     | Killed a hill giant
 15800 | D:10     | Found a staircase to the Lair.
 16112 | Lair:1   | Entered Level 1 of the Lair of Beasts
 16393 | Lair:1   | Reached skill level 5 in Armour
 16788 | Lair:1   | Reached skill level 13 in Axes
 16874 | Lair:1   | Reached XP level 12. HP: 115/115 MP: 12/12
 16954 | Lair:1   | Reached ***** piety under Trog
 17219 | Lair:1   | Received a gift from Trog
 17913 | Lair:2   | Received a gift from Trog
 18205 | Lair:2   | Found a frozen archway.
 18237 | IceCv    | Entered an ice cave
 18290 | Lair:2   | Reached skill level 5 in Dodging
 18290 | Lair:2   | Gained mutation: You can use your snake-like lower body to constrict enemies. [Naga growth]
 18290 | Lair:2   | Reached XP level 13. HP: 118/124 MP: 13/13
 18657 | Lair:3   | Reached skill level 14 in Axes
 18666 | Lair:3   | Received a gift from Trog
 18734 | Lair:3   | Got a scorched executioner's axe {god gift}
 18735 | Lair:3   | Identified the +7 executioner's axe of the Middle {venom, Int+2} (Trog gifted it to you on level 3 of the Lair of Beasts)
 19779 | Lair:4   | Identified a scroll of acquirement
 20260 | Lair:4   | Found a staircase to the Swamp.
 20318 | Lair:4   | Reached skill level 15 in Axes
 21169 | Lair:5   | Reached XP level 14. HP: 122/135 MP: 14/14
 21549 | Lair:5   | Noticed Rupert
 21558 | Lair:5   | Killed Rupert
 21976 | Lair:5   | Received a gift from Trog
 22182 | Lair:6   | Noticed oldnick's ghost (journeyman TrMo)
 22191 | Lair:6   | Killed oldnick's ghost
 22251 | Lair:6   | Found a viscous altar of Jiyva.
 22251 | Lair:6   | Found a staircase to the Slime Pits.
 22613 | Lair:6   | Reached skill level 16 in Axes
 22824 | Lair:6   | Found a staircase to the Snake Pit.
 24175 | Lair:7   | Received a gift from Trog
 24216 | Lair:8   | Entered Level 8 of the Lair of Beasts
 24501 | Lair:8   | Reached XP level 15. HP: 131/144 MP: 15/15
 24549 | Lair:8   | Reached skill level 17 in Axes
 24854 | Lair:8   | Received a gift from Trog
 25255 | Lair:8   | Received a gift from Trog
 25756 | D:11     | Received a gift from Trog
 25792 | D:11     | Got a flickering zirconium amulet
 25793 | D:11     | Identified the amulet of Kikubaaqudgha's Favour {Gourm *Corrode MR+ MP+9 Stlth+} (You found it on level 11 of the Dungeon)
 25997 | D:11     | Reached ****** piety under Trog
 26429 | D:12     | Found Myory Bosie's Armour Boutique.
 26488 | D:12     | Found a staircase to the Orcish Mines.
 27208 | Orc:1    | Entered Level 1 of the Orcish Mines
 27234 | Orc:1    | Noticed Maurice
 27248 | Orc:1    | Killed Maurice
 27248 | Orc:1    | Received a gift from Trog
 27423 | Orc:2    | Entered Level 2 of the Orcish Mines
 27461 | Orc:1    | Received a gift from Trog
 27647 | Orc:2    | Found a staircase to the Elven Halls.
 27722 | Orc:2    | Noticed Nessos
 27725 | Orc:2    | Killed Nessos
 27725 | Orc:2    | Reached skill level 18 in Axes
 27800 | Orc:2    | Found a roughly hewn altar of Beogh.
 27836 | Orc:2    | Found a roughly hewn altar of Beogh.
 27850 | Orc:2    | Found Plog's Distillery.
 27857 | Orc:2    | Bought a potion of might for 56 gold pieces
 27857 | Orc:2    | Bought a potion of heal wounds for 70 gold pieces
 27857 | Orc:2    | Bought a potion of heal wounds for 70 gold pieces
 27857 | Orc:2    | Bought a potion of heal wounds for 70 gold pieces
 27989 | Orc:2    | Found a roughly hewn altar of Beogh.
 28003 | Orc:2    | Found a roughly hewn altar of Beogh.
 28004 | Orc:2    | Found Mebre's General Store.
 28034 | Orc:2    | Bought a scroll of teleportation for 42 gold pieces
 28034 | Orc:2    | Bought a scroll of identify for 28 gold pieces
 28034 | Orc:2    | Bought a scroll of teleportation for 42 gold pieces
 28114 | Orc:2    | Noticed Saint Roka
 28131 | Orc:2    | Killed Saint Roka
 28143 | Orc:2    | Received a gift from Trog
 28278 | Orc:2    | Found Gus Vanko's Antique Weapon Shop.
 28280 | Orc:2    | Found a roughly hewn altar of Beogh.
 28396 | Orc:2    | Found Heiryoh's Antique Armour Boutique.
 28410 | Orc:2    | Bought a steaming cloak for 228 gold pieces
 28420 | Orc:2    | Identified the +4 cloak of Suriqatis {-Cast rN+++ MR+} (You bought it in a shop on level 2 of the Orcish Mines)
 28650 | Orc:2    | Found a roughly hewn altar of Beogh.
 28792 | Orc:1    | Reached XP level 16. HP: 151/157 MP: 16/16
 29188 | D:5      | Bought a +5 ring of slaying for 1591 gold pieces
 29464 | D:13     | Found a gate to the Vaults.
 30148 | D:13     | Received a gift from Trog
 30750 | D:14     | Found a portal to a secret trove of treasure.
 31092 | D:15     | Entered Level 15 of the Dungeon
 31100 | D:15     | Reached skill level 19 in Axes
 31494 | D:15     | Noticed Louise
 31503 | D:15     | Killed Louise
 31553 | D:15     | Found a glowing golden altar of the Shining One.
 31714 | D:15     | Found a staircase to the Depths.
 32200 | Snake:1  | Entered Level 1 of the Snake Pit
 32426 | Snake:1  | Noticed Aizul
 32431 | Snake:1  | Killed Aizul
 32589 | Snake:1  | Reached XP level 17. HP: 120/166 MP: 1/17
 32945 | Snake:1  | Received a gift from Trog
 34359 | Snake:3  | Reached skill level 20 in Axes
 34880 | Swamp:1  | Entered Level 1 of the Swamp
 34994 | Swamp:1  | Received a gift from Trog
 35538 | Swamp:2  | Reached skill level 15 in Fighting
 35675 | Swamp:2  | Reached skill level 10 in Dodging
 36833 | Swamp:4  | Entered Level 4 of the Swamp
 36921 | Swamp:4  | Reached skill level 1 in Evocations
 36925 | Swamp:4  | Noticed SaintRoka's ghost (adept GrMo)
 36941 | Swamp:4  | Killed SaintRoka's ghost
 37281 | Swamp:4  | Reached XP level 18. HP: 143/178 MP: 20/20
 37286 | Swamp:4  | Received a gift from Trog
 37871 | Swamp:4  | Reached skill level 5 in Evocations
 37961 | Swamp:4  | Noticed a tentacled monstrosity
 37971 | Swamp:4  | Killed a tentacled monstrosity
 38269 | Swamp:4  | Annihilated by a titanic slime creature

Skill      XL: |  1  2  3  4  5  6  7  8  9 10 11 12 13 14 15 16 17 18 |
---------------+-------------------------------------------------------+-----
Throwing       | 4 |  4.0
Fighting       | 3 4 5 7 8 9 10 11 12 13 14 15 | 15.3
Maces & Flails | 1 3 4 |  4.2
Axes           | 1 4 7 9 11 13 15 16 18 19 20 | 20.0
Armour         | 3 5 7 8 9 |  9.6
Dodging        | 5 7 8 9 10 11 | 11.4
Evocations     | 3 6 |  6.3
Stealth        | |  1.7

Action                   |  1- 3 |  4- 6 |  7- 9 | 10-12 | 13-15 | 16-18 || total
-------------------------+-------+-------+-------+-------+-------+-------++-------
Melee: Short sword       |   129 |    16 |       |       |       |       ||   145
       Mace              |       |   188 |       |       |       |       ||   188
       Hand axe          |       |    10 |   408 |  1231 |       |       ||  1649
       Battleaxe         |       |       |       |    78 |  1207 |   973 ||  2258
       Constrict         |       |       |       |       |   259 |   194 ||   453
Throw: Javelin           |     6 |    10 |     3 |     9 |       |       ||    28
       Throwing net      |       |       |       |     4 |       |       ||     4
Invok: Berserk           |       |       |     4 |    18 |     2 |     1 ||    25
       Burn Spellbooks   |       |       |       |     1 |     3 |     2 ||     6
       Brothers in Arms  |       |       |       |       |     8 |     5 ||    13
       Trog's Hand       |       |       |       |       |     1 |     1 ||     2
 Abil: Spit Poison       |    26 |    47 |    26 |    16 |     3 |       ||   118
Evoke: Wand              |       |       |     6 |       |    18 |       ||    24
       Phial of floods   |       |       |       |       |     2 |       ||     2
  Use: Scroll            |       |    14 |     5 |    10 |    20 |    14 ||    63
       Potion            |       |     1 |     2 |     1 |     1 |       ||     5
 Stab: Distracted        |       |       |     1 |       |     3 |       ||     4
       Sleeping          |       |       |     1 |       |       |       ||     1
       Held in net/web   |       |       |       |     2 |       |       ||     2
  Eat: Chunk             |     2 |     9 |     6 |    25 |    32 |    12 ||    86
       Bread ration      |       |     1 |     1 |     3 |       |     4 ||     9
       Fruit             |       |       |     2 |    22 |       |       ||    24
       Beef jerky        |       |       |     2 |     3 |       |     1 ||     6
       Pizza             |       |       |     1 |       |     1 |       ||     2
       Royal jelly       |       |       |       |     1 |       |       ||     1
Armor: Leather armour    |    22 |       |       |       |       |       ||    22
       Ring mail         |    35 |    60 |   117 |       |       |       ||   212
       Skin              |       |    36 |       |       |       |       ||    36
       Plate armour      |       |       |     5 |   701 |   882 |   881 ||  2469
Dodge: Dodged            |    70 |    83 |   147 |   105 |   242 |   244 ||   891
